 Dungeon Crawl Stone Soup version 0.29-a0-504-gec6baf379c (webtiles) character file.

Game seed: 11601352366718497667

562599 Bruhh the Cryomancer (level 26, -1/356 HPs)
             Began as an Ogre Earth Elementalist on May 27, 2022.
             Was the Champion of Vehumet.
             Slain by a moth of wrath (15 damage)
             ... on level 5 of the Realm of Zot on May 28, 2022.
             The game lasted 03:18:07 (88072 turns).

Bruhh the Cryomancer (Ogre Earth Elementalist)     Turns: 88072, Time: 03:18:08

Health: -1/356     AC: 30    Str: 27    XL:     26   Next: 69%
Magic:  24/44      EV: 30    Int: 38    God:    Vehumet [******]
Gold:   3494       SH: 13    Dex: 12    Spells: 10/59 levels left

rFire   + + .      SeeInvis .   D - +4 mace of the Sneaky Invaders {vamp, Will++ Int+8 Stlth-}
rCold   + + +      Faith    .   U - +0 kite shield
rNeg    + . .      Spirit   .   (body armour currently unavailable)
rPois   ∞          Reflect  .   h - +1 hat of Ysuaqory {rF+ Stlth+}
rElec   +          Harm     .   (no cloak)
rCorr   +          Rampage  +   (gloves unavailable)
Will    +++++      Rnd*Tele +   (boots unavailable)
Stlth   ++........              M - amulet "Ettut" {Acrobat Rampage rF+ rC+}
HPRegen 0.69/turn               X - ring "Arulayqa" {rC+ Str+6 Dex+3}
MPRegen 0.29/turn               b - ring "Legrium" {Ice rPois Str+2 Int+6}

@: statue-form, resistant, acrobatic, very slightly contaminated, studying Long
Blades, very slow
A: slow and powerful, torment resistance 1, boosted hp, large, unfitting armour,
(tough skin 1), deterioration 1, strong-willed 1, screaming 1, teleportitis 1
}: 3/15 runes: barnacled, slimy, silver
a: End Transformation, Renounce Religion


You were on level 5 of the Realm of Zot.
You worshipped Vehumet.
Vehumet was exalted by your worship.
You were a living statue of rough stone.
You visited 12 branches of the dungeon, and saw 53 of its levels.
You visited the Abyss 1 time.
You visited 1 bazaar.
You also visited: Sewer, Bailey and Ice Cave.

You collected 6857 gold pieces.
You spent 3363 gold pieces at shops.

Inventory:

Hand Weapons
 D - the +4 mace of the Sneaky Invaders (weapon) {vamp, Will++ Int+8 Stlth-}
   (You found it on level 11 of the Dungeon)

   It occasionally heals its wielder for a portion of the damage dealt when it
   wounds a living foe.
   Int:       It affects your intelligence (+8).
   Will:      It greatly increases your willpower.
   Stlth:     It makes you less stealthy.
Missiles
 l - 360 stones
 F - 5 throwing nets
Armour
 h - the +1 hat of Ysuaqory (worn) {rF+ Stlth+}
   (You acquired it on level 14 of the Dungeon)

   rF:        It protects you from fire.
   Stlth:     It makes you more stealthy.
 I - +0 ice dragon scales (melded)
 U - a +0 kite shield (worn)
Jewellery
 b - the ring "Legrium" (right fist) {Ice rPois Str+2 Int+6}
   (You found it on level 5 of the Vaults)

   [ring of ice]

   It enhances your ice magic.
   Str:       It affects your strength (+2).
   Int:       It affects your intelligence (+6).
   rF:        It makes you vulnerable to fire.
   rC:        It protects you from cold.
   rPois:     It protects you from poison.
 f - a ring of see invisible
 o - a ring of magical power
 L - the ring of Obsession {rF+ AC+4 Stlth+}
   (You took it off a deep elf pyromancer on level 3 of the Elven Halls)

   [ring of protection]

   AC:        It affects your AC (+4).
   rF:        It protects you from fire.
   Stlth:     It makes you more stealthy.
 M - the amulet "Ettut" (around neck) {Acrobat Rampage rF+ rC+}
   (You bought it in a shop on level 2 of the Orcish Mines)

   [amulet of the acrobat]

   It increases your evasion while moving and waiting.
   rF:        It protects you from fire.
   rC:        It protects you from cold.
   Rampage:   It bestows one free step when moving towards enemies.
 R - the ring of Uxuehuboe {rF+ Str+5 Dex+3}
   (You took it off a deep elf pyromancer on level 3 of the Elven Halls)

   [ring of protection from fire]

   Str:       It affects your strength (+5).
   Dex:       It affects your dexterity (+3).
   rF:        It protects you from fire.
 X - the ring "Arulayqa" (left fist) {rC+ Str+6 Dex+3}
   (You found it on level 1 of the Lair of Beasts)

   [ring of strength]

   Str:       It affects your strength (+6).
   Dex:       It affects your dexterity (+3).
   rC:        It protects you from cold.
Wands
 e - a wand of iceblast (21)
 s - a wand of charming (7)
 v - a wand of digging (6)
 x - a wand of acid (29)
 y - a wand of flame (66)
 A - a wand of paralysis (4)
Scrolls
 m - 23 scrolls of teleportation
 q - 10 scrolls of vulnerability
 r - 4 scrolls of amnesia
 t - 7 scrolls of fog
 u - 12 scrolls of fear
 w - 4 scrolls of blinking
 z - 8 scrolls of immolation
 B - 25 scrolls of identify
 C - 11 scrolls of poison
 H - 4 scrolls of brand weapon
 N - 9 scrolls of enchant armour
 P - 11 scrolls of enchant weapon
 Q - 2 scrolls of torment
 W - 8 scrolls of magic mapping
 Z - 3 scrolls of summoning
Potions
 a - a potion of mutation
 c - 3 potions of magic
 d - 11 potions of flight
 g - 9 potions of cancellation
 i - 10 potions of brilliance
 j - 11 potions of haste
 k - 6 potions of ambrosia
 n - 5 potions of resistance
 p - 11 potions of lignification
 E - 10 potions of attraction
 J - 21 potions of curing
 K - 13 potions of might
 O - 21 potions of heal wounds
 S - 2 potions of invisibility
 Y - 3 potions of berserk rage


   Skills:
 - Level 18.0 Fighting
 - Level 12.1 Armour
 - Level 15.0 Dodging
 - Level 1.4 Stealth
 - Level 17.0 Shields
 - Level 17.0 Spellcasting
 - Level 3.0 Conjurations
 + Level 17.8 Summonings
 - Level 6.0 Transmutations
 - Level 21.0 Ice Magic
 - Level 13.9 Earth Magic
 - Level 6.0 Poison Magic


You had 10 spell levels left.
You knew the following spells:

 Your Spells              Type           Power      Damage    Failure   Level
a - Sandblast             Erth           100%       2d20      0%          1
b - Stone Arrow           Conj/Erth      100%       3d13      1%          3
c - Borgnjor's Vile Clut  Necr/Erth      35%        N/A       2%          5
d - Apportation           Tloc           64%        N/A       1%          1
e - Eringya's Noxious Bo  Tmut/Pois      33%        N/A       5%          6
g - Ozocubu's Refrigerat  Ice            68%        4d18      1%          7
h - Irradiate             Conj/Tmut      30%        3d23      1%          5
i - Statue Form           Tmut/Erth      55%        N/A       3%          6
j - Polar Vortex          Ice            68%        N/A       7%          9
k - Iron Shot             Conj/Erth      38%        9d8       1%          6

Your spell library contained the following spells:

 Spells                   Type           Power      Damage    Failure   Level
 Shatter                  Erth           47%        3d36*     71%         9
 Ignition                 Fire           16%        3d6       100%        8
 Freeze                   Ice            100%       1d11      0%          1
 Summon Small Mammal      Summ           100%       N/A       0%          1
 Call Canine Familiar     Summ           100%       N/A       0%          3
 Frozen Ramparts          Ice            100%       1d12      0%          3
 Ozocubu's Armour         Ice            100%       N/A       0%          3
 Magic Dart               Conj           100%       1d8       1%          1
 Necrotize                Necr           100%       1d9       1%          1
 Shock                    Conj/Air       100%       1d9       1%          1
 Sting                    Tmut/Pois      100%       1d8       1%          1
 Ensorcelled Hibernation  Hex/Ice        100%       N/A       1%          2
 Passwall                 Tmut/Erth      69%        N/A       1%          2
 Poisonous Vapours        Pois/Air       100%       N/A       1%          2
 Scorch                   Fire           64%        2d8       1%          2
 Static Discharge         Conj/Air       43%        N/A       1%          2
 Conjure Flame            Conj/Fire      43%        6-21      1%          3
 Dazzling Flash           Conj/Hex       86%        N/A       1%          3
 Mephitic Cloud           Conj/Pois/Air  53%        N/A       1%          3
 Spider Form              Tmut/Pois      67%        N/A       1%          3
 Summon Guardian Golem    Hex/Summ       79%        N/A       1%          3
 Animate Armour           Summ/Erth      100%       N/A       1%          4
 Hailstorm                Conj/Ice       100%       3d20      1%          4
 Ice Form                 Ice/Tmut       100%       N/A       1%          4
 Leda's Liquefaction      Hex/Erth       35%        N/A       1%          4
 Olgreb's Toxic Radiance  Pois           67%        N/A       1%          4
 Petrify                  Tmut/Erth      83%        N/A       1%          4
 Summon Lightning Spire   Summ/Air       79%        N/A       1%          4
 Freezing Cloud           Conj/Ice/Air   48%        6-21      1%          5
 Lee's Rapid Deconstruct  Erth           47%        3d24*     1%          5
 Summon Forest            Summ/Tloc      39%        N/A       1%          5
 Summon Mana Viper        Hex/Summ       79%        N/A       1%          5
 Summon Cactus Giant      Summ           53%        N/A       1%          6
 Summon Hydra             Summ           53%        N/A       1%          7
 Iskenderun's Mystic Bla  Conj/Tloc      43%        2d10      2%          4
 Simulacrum               Ice/Necr       53%        N/A       2%          6
 Alistair's Intoxication  Tmut/Pois      44%        N/A       3%          5
 Blade Hands              Tmut           33%        N/A       3%          5
 Yara's Violent Unravell  Hex/Tmut       26%        3d11      3%          5
 Portal Projectile        Hex/Tloc       64%        N/A       4%          3
 Swiftness                Air            32%        N/A       4%          3
 Tukima's Dance           Hex            32%        N/A       4%          3
 Vampiric Draining        Necr           32%        2d8       4%          3
 Airstrike                Air            16%        N/A       4%          4
 Lightning Bolt           Conj/Air       21%        1d36      5%          5
 Corpse Rot               Necr/Pois/Air  47%        N/A       6%          4
 Anguish                  Hex/Necr       16%        N/A       14%         4
 Cause Fear               Hex            16%        N/A       14%         4
 Passage of Golubria      Tloc           32%        N/A       14%         4
 Starburst                Conj/Fire      21%        6d7       28%         6
 Malign Gateway           Summ/Tloc      39%        N/A       30%         7
 Agony                    Necr           32%        N/A       36%         5
 Lehudib's Crystal Spear  Conj/Erth      38%        10d10     54%         8
 Orb of Destruction       Conj           26%        9d9       61%         7
 Dragon's Call            Summ           53%        N/A       67%         9
 Dragon Form              Tmut           33%        N/A       69%         7
 Storm Form               Tmut/Air       26%        N/A       98%         7
 Maxwell's Capacitive Co  Air            16%        ∞         100%        8


Dungeon Overview and Level Annotations

Branches:
Dungeon (15/15)            Temple (1/1) D:5            Lair (6/6) D:10
 Shoals (4/4) Lair:3       Spider (2/4) Lair:3        Slime (5/5) Lair:5
    Orc (2/2) D:12            Elf (3/3) Orc:2        Vaults (5/5) D:14
  Crypt (0/3) Vaults:2     Depths (4/4) D:15           Hell (visited)
    Zot (5/5) Depths:4      Sewer (visited)          Bailey (visited)
  IceCv (visited)
    Dis: Hell:1         Geh: Hell:1         Coc: Hell:1         Tar: Hell:1

Altars:
Cheibriados
Dithmenos
Elyvilon
Fedhas
Gozag
Hepliaklqana
Kikubaaqudgha
Makhleb
Nemelex Xobeh
Okawaru
Qazlal
Sif Muna
Trog
Uskayaw
Vehumet
Wu Jian
Xom
Yredelemnul
Zin
The Shining One
Jiyva

Shops:
D:7 [   D:12 !   Orc:2 (=*(   Elf:2 (   Shoals:1 *?:*?   Shoals:3 (
Vaults:3 (!(   Vaults:4 ?(!:   Vaults:5 (   Depths:1 ?   Depths:4 !*[*

Portals:
Hell: Depths:1 Depths:2 Depths:3 Depths:4
Abyss: Depths:3
Pandemonium: Depths:2
Ziggurat: Depths:1
Trove: D:13 (give horn of Geryon)

Annotations:
D:5 2 transporters, P0WERM0DE's ghost, amateur OpCj
D:9 4 runed translucent doors, exclusion: orange crystal statue, Morbidden's ghost, novice OgAE
Lair:5 exclusion: 4 oklob plants
Shoals:2 3 runed translucent doors, exclusion: obsidian statue, Edux's ghost, journeyman MiBe
Shoals:3 3 runed translucent doors
Vaults:3 1 runed translucent door, Jihiargh's ghost, adept HOFi
Vaults:4 4 transporters, exclusion: obsidian statue, Bruhh's ghost, adept DgAE
Depths:4 3 runed translucent doors, Sat's ghost, veteran MiBe
Hell Geryon


Innate Abilities, Weirdness & Mutations

You are a living statue of rough stone.
Your actions are slow, but your melee attacks are powerful.
You are resistant to unholy torment.
Your maximum health is greatly increased.
You are immune to poison.
Your equipment is partially melded.
You are too large for most types of armour.
((You have tough skin. (AC +1)))
Your body sometimes deteriorates upon taking damage.
You are strong-willed. (Will+)
You occasionally shout uncontrollably at your foes.
You are occasionally teleported next to monsters.


Message History

* * * LOW HITPOINT WARNING * * *
You cannot drink potions in your current state!
Unknown command.
Okay, then.
Casting: Polar Vortex (mildly dangerous; 7% risk of failure)
Confirm with . or Enter, or press ? or * to list all spells.
Okay, then.
You cannot drink potions in your current state!
Blink to where?
Press: ? - help, Dir - move target A moth of wrath comes into view.
As you read the scroll of blinking, it crumbles to dust.
The winds around you calm down. You block the moth of wrath's attack.
You block the moth of wrath's attack.
The moth of wrath completely misses you.
Casting: Polar Vortex (mildly dangerous; 7% risk of failure)
Confirm with . or Enter, or press ? or * to list all spells.
Okay, then.
You cannot drink potions in your current state!
The Killer Klown blinks!
The moth of wrath completely misses you.
Casting: Polar Vortex (mildly dangerous; 7% risk of failure)
Confirm with . or Enter, or press ? or * to list all spells.
Okay, then.
As you read the scroll of fear, it crumbles to dust.
You assume a fearsome visage.
The Killer Klown resists with almost no effort.
The moth of wrath looks frightened!
The Killer Klown blinks!
Your surroundings suddenly seem different.
You feel strangely unstable.
You are yanked towards some nearby monsters!
Your surroundings suddenly seem different.
A moth of wrath, a tentacled monstrosity and a storm dragon come into view.
You yell at the moth of wrath!
Found 30 gold pieces.
You can drink potions again.
The moth of wrath's fur bristles in rage as it notices you.
You hear a roar!
You hear a deafening roar!
The moth of wrath bites you!
You die...

#....
.D.. ##
#...##.#
......
....##
....+
####..$#
#..y8#
#.X###
#.. ##


You could see a tentacled monstrosity, a storm dragon and a moth of wrath.

Vanquished Creatures
  the Royal Jelly (Slime:5)
  4 dread liches
  2 ancient liches (Vaults:5)
  An orb of fire (Zot:2)
  A juggernaut (Depths:2)
  4 Killer Klowns
  Margery (Depths:3)
  Bai Suzhen (Shoals:4)
  2 curse toes
  5 golden dragons
  Nikola (Shoals:4)
  Jory (Vaults:5)
  An iron giant (Depths:2)
  Jorgrun (D:13)
  The ghost of Essalna the Warrior, an adept DjEE of Makhleb (Elf:3)
  An electric golem (Zot:4)
  3 liches
  13 tentacled monstrosities
  5 Orb Guardians (Zot:5)
  2 deep elf master archers (Elf:3)
  3 quicksilver dragons
  3 deep elf blademasters
  A kraken (Shoals:4)
  Polyphemus (Shoals:3)
  3 titans (Vaults:5)
  7 sphinxes
  15 acid blobs
  A tentacled starspawn (Abyss:5)
  4 death cobs
  10 storm dragons
  7 tengu reavers
  11 shadow dragons
  10 azure jellies
  11 frost giants
  5 rockslimes (Slime:5)
  5 draconian monks
  4 draconian knights (Zot:4)
  20 vault wardens
  5 fire giants
  4 iron dragons
  5 deep elf sorcerers
  2 ghost moths
  An orc warlord (Vaults:1)
  5 draconian shifters
  6 draconian scorchers
  2 cacodemons (Elf:3)
  8 draconian annihilators
  6 draconian stormcallers
  5 deep elf elementalists (Elf:3)
  18 ironbound preservers
  A reaper (Depths:2)
  44 very ugly things
  2 war gargoyles
  10 quicksilver oozes
  4 ironbound thunderhulks
  15 stone giants
  8 deep elf demonologists
  A vampire knight (Depths:4)
  11 green draconians
  15 purple draconians
  15 red draconians
  14 white draconians
  12 spark wasps
  17 black draconians
  7 dire elephants
  15 yellow draconians
  8 deep elf annihilators
  A blizzard demon (Abyss:4)
  6 deep elf high priests
  A crystal guardian (Vaults:1)
  17 ettins
  2 jiangshi (Depths:3)
  Josephine (D:13)
  10 deep elf death magi
  5 merfolk javelineers (Shoals:4)
  4 fire dragons
  7 merfolk impalers
  10 great orbs of eyes
  14 yaktaur captains
  Erolcha (D:13)
  7 ice dragons
  A spriggan air mage (Depths:1)
  45 vault guards
  6 hydras
  2 rakshasas
  A peacekeeper (Vaults:1)
  9 boulder beetles
  8 ironbound frosthearts
  3 ogre magi
  An alligator snapping turtle (Shoals:4)
  3 catoblepae
  A death knight (D:15)
  32 dancing weapons
  11 death yaks
  22 centaur warriors
  10 two-headed ogres
  4 merfolk aquamancers
  3 merfolk avatars (Shoals:4)
  12 deep troll shamans
  2 vampire magi
  11 deep troll earth magi
  4 tengu warriors
  4 satyrs
  2 orc high priests
  A titan zombie (Depths:3)
  7 thrashing horrors
  4 spriggan berserkers
  12 deep elf knights
  Sonja (Lair:5)
  5 hell knights
  A soul eater (Depths:4)
  3 wretched stars
  Amaemon (Lair:3)
  A sixfirhy (Depths:2)
  3 pharaoh ants
  A shock serpent (shapeshifter) (Elf:3)
  9 iron trolls
  7 skeletal warriors
  A sea snake (shapeshifter) (Depths:3)
  A flayed ghost (Depths:2)
  A fire crab (shapeshifter) (D:15)
  2 steelbarb worms
  A swamp dragon (Lair:6)
  2 glowing orange brains
  6 sea snakes
  2 glowing orange brains (shapeshifter)
  An orb spider (Spider:1)
  A sun moth (Spider:1)
  50 deep trolls
  An orange crystal statue (Vaults:1)
  20 ironbound convokers
  5 necromancers
  4 phantasmal warriors (Vaults:5)
  10 deep elf archers
  17 harpies
  10 wizards
  36 deep elf pyromancers
  An orc knight (Vaults:5)
  A fire giant zombie (Vaults:4)
  24 deep elf zephyrmancers
  11 lindwurms
  48 ugly things
  3 orc sorcerers
  3 oklob plants
  18 fauns
  6 shining eyes
  3 wolf spiders
  7 large abominations
  6 cyclopes
  18 manticores
  2 worldbinders
  24 moths of wrath
  6 merfolk sirens
  A salamander (Depths:4)
  Maurice (D:13)
  6 elephants
  2 rust devils
  9 water nymphs
  7 black mambas
  A guardian serpent (Abyss:2)
  5 smoke demons
  An unseen horror (D:11)
  17 vault sentinels
  An orange demon (Lair:3)
  5 eyes of devastation
  16 komodo dragons
  2 torpor snails (Spider:1)
  14 cane toads
  23 yaktaurs
  6 rime drakes
  An efreet (D:14)
  A kobold demonologist (D:11)
  2 demonic crawlers (Spider:1)
  A yaktaur (shapeshifter) (Elf:1)
  5 tengu conjurers
  3 red devils (Depths:2)
  3 ancient zymes
  3 hellwings
  24 merfolk
  A merfolk (shapeshifter) (Elf:3)
  4 polar bears
  11 trolls
  4 meliai
  A queen bee (Lair:5)
  6 wind drakes
  6 hornets
  8 tarantellas
  100 slime creatures
  A tarantella (shapeshifter) (D:12)
  Grinder (D:5)
  6 dream sheep (Lair:5)
  14 blink frogs
  12 snapping turtles
  8 jumping spiders
  3 air elementals
  7 culicivoras (Spider:1)
  4 shadows
  22 water elementals
  A spriggan (shapeshifter) (Vaults:5)
  2 ettin skeletons (Vaults:4)
  7 wraiths
  58 yaks
  7 spriggans
  5 wyverns
  9 basilisks
  A human (shapeshifter) (D:13)
  A ynoxinul (Depths:2)
  4 steam dragons
  11 redbacks
  A fire bat (shapeshifter) (Elf:3)
  4 fire elementals
  13 golden eyes
  4 vampire mosquitoes (D:13)
  Menkaure (D:6)
  A chaos spawn (Abyss:4)
  3 acid dragons
  3 wargs
  A warg (shapeshifter) (Elf:3)
  17 water moccasins
  2 floating eyes
  4 small abominations
  2 ice beasts
  3 black bears
  A swamp drake (Lair:6)
  15 orc warriors
  3 boggarts (Vaults:2)
  26 ogres
  21 wolves
  7 centaurs
  2 floating eye skeletons (Depths:3)
  A phantom (D:6)
  7 kobold brigands
  A scorpion (D:6)
  10 bullfrogs
  3 gnoll sergeants (D:12)
  5 earth elementals
  4 wights (D:8)
  36 killer bees (Lair:5)
  5 howler monkeys
  A howler monkey (shapeshifter) (Elf:3)
  4 hounds
  A human zombie (D:9)
  A jelly (shapeshifter) (Elf:3)
  A quasit (Abyss:4)
  A gnoll shaman (D:6)
  5 jellies
  6 orc priests
  An iron imp (Abyss:4)
  A human skeleton (D:9)
  9 iguanas
  Ijyb (D:4)
  A hell rat (Lair:5)
  27 orc wizards
  A troll simulacrum (IceCv)
  A polar bear simulacrum (IceCv)
  A wolf simulacrum (IceCv)
  19 gnolls
  16 adders
  5 river rats
  A white imp (Abyss:2)
  3 ufetubi
  2 worms
  A worm (shapeshifter) (Elf:3)
  67 orcs
  9 endoplasms
  2 giant cockroaches
  10 goblins
  8 hobgoblins
  3 jackals (D:4)
  A kobold (shapeshifter) (Elf:3)
  36 kobolds
  2 quokkas
  25 ball pythons
  10 bats
  5 frilled lizards
  37 rats
  8 bushes
  A lurking horror (Abyss:4)
  4 tentacles (Shoals:4)
2158 creatures vanquished.

Vanquished Creatures (others)
  A tentacled monstrosity (Vaults:5)
  A merfolk aquamancer (Shoals:1)
  A deep elf knight (Elf:2)
  A spark wasp zombie (Depths:3)
  A water elemental (Shoals:1)
  A bush (Lair:3)
  107 fungi
  428 plants
  2 starspawn tentacles (Abyss:5)
543 creatures vanquished.

Grand Total: 2701 creatures vanquished

Notes
Turn   | Place    | Note
-------+----------+-------------------------------------------
     0 | D:1      | Bruhh the Ogre Earth Elementalist began the quest for the
                  | Orb.
     0 | D:1      | Reached XP level 1. HP: 16/16 MP: 3/3
   332 | D:1      | Reached XP level 2. HP: 21/24 MP: 5/5
   629 | D:1      | Noticed a floating eye
   631 | D:1      | Found a faded altar of an unknown god.
   632 | D:1      | Noticed a great orb of eyes
   632 | D:1      | Noticed an eye of devastation
   632 | D:1      | Noticed a golden eye
  1361 | D:2      | Reached XP level 3. HP: 31/31 MP: 3/7
  1855 | D:2      | Reached XP level 4. HP: 34/39 MP: 9/9
  2319 | D:2      | Found a basalt altar of Yredelemnul.
  2853 | D:3      | Reached XP level 5. HP: 22/45 MP: 5/11
  3588 | D:4      | Learned a level 3 spell: Stone Arrow
  3770 | D:4      | Reached skill level 1 in Conjurations
  4253 | D:4      | Reached XP level 6. HP: 30/53 MP: 13/13
  4258 | D:4      | Reached skill level 5 in Spellcasting
  4442 | D:4      | Found a burning altar of Makhleb.
  4451 | D:4      | Noticed Ijyb
  4699 | D:4      | Killed Ijyb
  5104 | D:5      | Entered Level 5 of the Dungeon
  5120 | D:5      | Noticed Grinder
  5184 | D:5      | Paralysed by Grinder for 4 turns
  5368 | D:5      | Reached skill level 5 in Earth Magic
  5495 | D:5      | Found a staircase to the Ecumenical Temple.
  5528 | D:5      | Found a transporter.
  5542 | D:5      | Reached XP level 7. HP: 25/59 MP: 4/14
  5552 | Temple   | Entered the Ecumenical Temple
  5951 | Temple   | Became a worshipper of Vehumet
  5991 | D:5      | Paralysed by Grinder for 5 turns
  6004 | D:5      | Killed Grinder
  6216 | D:5      | Found a transporter.
  6217 | D:5      | Noticed P0WERM0DE's ghost (amateur OpCj)
  6225 | D:5      | Identified the ring of the Burning Gods {Fire rN++ Str+4
                  | Dex+4}
  6455 | D:5      | Found a hazy altar of Hepliaklqana.
  6596 | D:6      | Noticed a yak
  6596 | D:6      | Noticed a yak
  6596 | D:6      | Noticed a yak
  6701 | D:6      | Reached XP level 8. HP: 67/67 MP: 8/19
  6862 | D:6      | Noticed Menkaure
  6867 | D:6      | Killed Menkaure
  6868 | D:6      | Reached skill level 1 in Fighting
  7211 | D:6      | Found a glowing drain.
  7215 | Sewer    | Entered a sewer
  7234 | Sewer    | Reached * piety under Vehumet
  7234 | Sewer    | Offered knowledge of Foxfire by Vehumet.
  7478 | Sewer    | Offered knowledge of Freeze by Vehumet.
  7482 | Sewer    | Reached ** piety under Vehumet
  7505 | Sewer    | Reached skill level 5 in Fighting
  7965 | D:6      | Identified the +1 helmet of Kubreek {rF+}
  8037 | D:6      | Offered knowledge of Inner Flame by Vehumet.
  8242 | D:6      | Reached XP level 9. HP: 87/92 MP: 5/21
  8256 | D:6      | Reached *** piety under Vehumet
  8563 | D:6      | Found a shadowy altar of Dithmenos.
  8563 | D:6      | Found a bloodstained altar of Trog.
  8836 | D:6      | Reached skill level 1 in Ice Magic
  9429 | D:7      | Reached skill level 2 in Ice Magic
  9843 | D:7      | Offered knowledge of Mephitic Cloud by Vehumet.
  9848 | D:7      | Learned a level 3 spell: Mephitic Cloud
  9945 | D:7      | Found Cheibriados's Comfort Zone.
  9946 | D:7      | Found a snail-covered altar of Cheibriados.
 10227 | D:8      | Identified a scroll of acquirement
 10231 | D:8      | Acquired a book of Frost
 10240 | D:8      | Learned a level 3 spell: Frozen Ramparts
 10416 | D:8      | Found an iron altar of Okawaru.
 10422 | D:8      | Found a flagged portal.
 10429 | D:8      | Identified the +10 spear "Woketam" {vorpal, rPois rF- SInv}
 10432 | Bailey   | Entered a bailey
 10606 | Bailey   | Reached skill level 10 in Spellcasting
 10606 | Bailey   | Reached skill level 3 in Ice Magic
 10655 | Bailey   | Learned a level 4 spell: Hailstorm
 10772 | Bailey   | Noticed a two-headed ogre
 10776 | Bailey   | HP: 3/98 [two-headed ogre/+0 halberd (15)]
 11047 | Bailey   | Reached skill level 4 in Ice Magic
 11047 | Bailey   | Reached XP level 10. HP: 81/107 MP: 16/24
 11195 | Bailey   | Killed a two-headed ogre
 11196 | Bailey   | Reached skill level 10 in Fighting
 11196 | Bailey   | Reached skill level 5 in Ice Magic
 11218 | Bailey   | Identified the +7 triple crossbow "Firgh" {penet, rF+}
 11387 | D:8      | Reached skill level 6 in Ice Magic
 12020 | D:8      | Reached **** piety under Vehumet
 12461 | D:9      | Reached skill level 7 in Ice Magic
 12602 | D:9      | Reached skill level 8 in Ice Magic
 12778 | D:9      | Noticed an orange crystal statue
 12995 | D:9      | Offered knowledge of Olgreb's Toxic Radiance by Vehumet.
 13008 | D:9      | Learned a level 4 spell: Olgreb's Toxic Radiance
 13016 | D:9      | Learned a level 7 spell: Ozocubu's Refrigeration
 13126 | D:9      | Found a white marble altar of Elyvilon.
 13154 | D:9      | Reached skill level 1 in Poison Magic
 13163 | D:9      | Reached XP level 11. HP: 111/117 MP: 3/25
 13281 | D:9      | Reached skill level 9 in Ice Magic
 13542 | D:9      | Found a runed translucent gate.
 13545 | D:9      | Found a runed translucent gate.
 13546 | D:9      | Found a runed translucent gate.
 13547 | D:9      | Noticed Morbidden's ghost (novice OgAE)
 14070 | D:9      | Found a runed translucent door.
 14071 | D:9      | Found a basalt altar of Yredelemnul.
 14608 | D:10     | Entered Level 10 of the Dungeon
 15575 | D:10     | Found the +4 robe of Folly {Brilliance Will-∞ Int+8}
 15576 | D:10     | Found a staircase to the Lair.
 15787 | D:10     | Found a glowing golden altar of the Shining One.
 16027 | D:10     | Reached skill level 10 in Ice Magic
 16262 | Lair:1   | Entered Level 1 of the Lair of Beasts
 16293 | Lair:1   | Found a frozen archway.
 16304 | IceCv    | Entered an ice cave
 16666 | Lair:1   | Identified the ring "Arulayqa" {rC+ Str+6 Dex+3}
 16703 | Lair:1   | Reached ***** piety under Vehumet
 16889 | Lair:1   | Reached skill level 11 in Ice Magic
 17374 | Lair:2   | Offered knowledge of Eringya's Noxious Bog by Vehumet.
 17412 | Lair:2   | Noticed a boulder beetle
 17419 | Lair:2   | Killed a boulder beetle
 17428 | Lair:2   | Learned a level 6 spell: Eringya's Noxious Bog
 17577 | Lair:2   | Reached skill level 1 in Transmutations
 17689 | Lair:2   | Reached XP level 12. HP: 126/126 MP: 20/26
 18273 | Lair:3   | Found a staircase to the Shoals.
 18276 | Lair:3   | Reached skill level 12 in Ice Magic
 18454 | Lair:3   | Noticed a five-headed hydra
 18458 | Lair:3   | Killed a five-headed hydra
 18665 | Lair:3   | Reached skill level 5 in Poison Magic
 18746 | Lair:3   | Found a hole to the Spider Nest.
 18747 | Lair:3   | Noticed a five-headed hydra
 18749 | Lair:3   | Killed a five-headed hydra
 18836 | Lair:3   | Noticed Amaemon
 18840 | Lair:3   | Killed Amaemon
 18841 | Lair:3   | Reached skill level 5 in Transmutations
 19249 | Lair:3   | Identified the +7 whip "Baqiosch" {flame, Int+4}
 20153 | Lair:4   | Noticed a seven-headed hydra
 20155 | Lair:4   | Killed a seven-headed hydra
 20156 | Lair:4   | Reached XP level 13. HP: 141/141 MP: 22/27
 21084 | Lair:5   | Reached skill level 1 in Armour
 21243 | Lair:5   | Reached skill level 15 in Fighting
 21924 | Lair:5   | Offered knowledge of Conjure Ball Lightning by Vehumet.
 22051 | Lair:5   | Reached XP level 14. HP: 153/159 MP: 29/29
 22052 | Lair:5   | Reached skill level 5 in Armour
 22065 | Lair:5   | Noticed Sonja
 22067 | Lair:5   | Killed Sonja
 22078 | Lair:5   | Found a viscous altar of Jiyva.
 22083 | Lair:5   | Found a staircase to the Slime Pits.
 22710 | Lair:6   | Entered Level 6 of the Lair of Beasts
 23376 | Lair:6   | Offered knowledge of Fireball by Vehumet.
 24914 | D:11     | Identified the +4 mace of the Sneaky Invaders {vamp, Will++
                  | Int+8 Stlth-}
 25164 | D:12     | Found Mufir's Distillery.
 25170 | D:12     | Bought a potion of curing for 33 gold pieces
 25170 | D:12     | Bought a potion of lignification for 33 gold pieces
 25170 | D:12     | Bought a potion of curing for 33 gold pieces
 25170 | D:12     | Bought a potion of attraction for 33 gold pieces
 25411 | D:12     | Found a staircase to the Orcish Mines.
 25425 | Orc:1    | Entered Level 1 of the Orcish Mines
 25789 | Orc:2    | Entered Level 2 of the Orcish Mines
 25801 | Orc:2    | Reached XP level 15. HP: 137/167 MP: 16/31
 25803 | Orc:2    | Reached skill level 10 in Armour
 25804 | Orc:2    | Reached ****** piety under Vehumet
 25941 | Orc:2    | Offered knowledge of Freezing Cloud by Vehumet.
 25954 | Orc:2    | Found Maguucus's Assorted Antiques.
 26436 | Orc:2    | Found Ruhexa Tuig's Weapon Shoppe.
 26437 | Orc:2    | Found Micustrok's Jewellery Shop.
 26447 | Orc:2    | Found Qokiw's Antique Weapon Shoppe.
 26450 | Orc:2    | Bought the amulet "Ettut" {Acrobat Rampage rF+ rC+} for 867
                  | gold pieces
 26705 | Orc:2    | Found a staircase to the Elven Halls.
 27103 | Shoals:1 | Entered Level 1 of the Shoals
 27103 | Shoals:1 | Found Ufuus's Book Emporium.
 27107 | Shoals:1 | Reached skill level 15 in Spellcasting
 27152 | Shoals:1 | Learned a level 5 spell: Irradiate
 28192 | Shoals:1 | Found Diapiem's Magic Scroll Shop.
 28203 | Shoals:1 | Bought a scroll of identify for 22 gold pieces
 28203 | Shoals:1 | Bought a scroll of identify for 22 gold pieces
 28203 | Shoals:1 | Bought a scroll of teleportation for 33 gold pieces
 28203 | Shoals:1 | Bought a scroll of teleportation for 33 gold pieces
 28203 | Shoals:1 | Bought a scroll of identify for 22 gold pieces
 28203 | Shoals:1 | Bought a scroll of teleportation for 33 gold pieces
 28203 | Shoals:1 | Bought a scroll of identify for 22 gold pieces
 28363 | Shoals:1 | Learned a level 6 spell: Statue Form
 28409 | Shoals:1 | Found Evujuuwn's Magic Scroll Emporium.
 28748 | Shoals:1 | Found Buxirgh's General Store.
 28884 | Shoals:1 | Offered knowledge of Starburst by Vehumet.
 29275 | Shoals:1 | Found Yduuh's General Store.
 29283 | Shoals:1 | Bought a potion of brilliance for 52 gold pieces
 30142 | Shoals:2 | Found a runed translucent gate.
 30142 | Shoals:2 | Found a runed translucent gate.
 30142 | Shoals:2 | Found a runed translucent gate.
 30144 | Shoals:2 | Found an opulent altar of Gozag.
 30148 | Shoals:2 | Noticed Edux's ghost (journeyman MiBe)
 30484 | Shoals:2 | Reached XP level 16. HP: 129/176 MP: 0/35
 31191 | Shoals:3 | Noticed Polyphemus
 31201 | Shoals:3 | Killed Polyphemus
 31297 | Shoals:3 | Reached skill level 13 in Ice Magic
 31467 | Shoals:3 | Found Ynoskyoch's Antique Weapon Shoppe.
 31817 | Shoals:3 | Found a runed translucent gate.
 31817 | Shoals:3 | Found a runed translucent gate.
 31817 | Shoals:3 | Found a runed translucent gate.
 32135 | Shoals:4 | Entered Level 4 of the Shoals
 32283 | Shoals:4 | Offered knowledge of Iskenderun's Battlesphere by Vehumet.
 32370 | Shoals:4 | Noticed Bai Suzhen
 32386 | Shoals:4 | Killed Bai Suzhen
 32671 | Shoals:4 | Identified the +2 pair of gloves of Elyvilon's Whim {Str+6
                  | Stlth-}
 33156 | Shoals:4 | Noticed Nikola
 33410 | Shoals:4 | Noticed a kraken
 33413 | Shoals:4 | Killed a kraken
 33414 | Shoals:4 | Reached skill level 10 in Earth Magic
 33540 | Shoals:4 | Got Sif Muna's Guide on Fiery Flight
 34484 | Shoals:4 | Killed Nikola
 34710 | Shoals:4 | Reached XP level 17. HP: 184/184 MP: 20/36
 34776 | Shoals:4 | Got a barnacled rune of Zot
 35081 | Slime:1  | Entered Level 1 of the Pits of Slime
 35096 | Slime:1  | Gained mutation: You are dopey. (Int -2) [a shining eye]
 35428 | Lair:5   | Lost mutation: You are dopey. (Int -2) [potion of mutation]
 35428 | Lair:5   | Gained mutation: You have sharp toenails. [potion of
                  | mutation]
 35428 | Lair:5   | Gained mutation: Your body sometimes deteriorates upon
                  | taking damage. [potion of mutation]
 35428 | Lair:5   | Gained mutation: You have a pair of small antennae on your
                  | head. [potion of mutation]
 35428 | Lair:5   | Gained mutation: Your spells are a little harder to cast,
                  | but a little more powerful. [potion of mutation]
 35429 | Lair:5   | Lost mutation: You have sharp toenails. [potion of
                  | mutation]
 35429 | Lair:5   | Lost mutation: Your body sometimes deteriorates upon taking
                  | damage. [potion of mutation]
 35429 | Lair:5   | Lost mutation: Your spells are a little harder to cast, but
                  | a little more powerful. [potion of mutation]
 35429 | Lair:5   | Gained mutation: You are dopey. (Int -2) [potion of
                  | mutation]
 35429 | Lair:5   | Gained mutation: You are agile. (Dex +2) [potion of
                  | mutation]
 35429 | Lair:5   | Gained mutation: Armour fits poorly on your strangely
                  | shaped body. [potion of mutation]
 35429 | Lair:5   | Gained mutation: You have large cloven feet. [potion of
                  | mutation]
 35430 | Lair:5   | Lost mutation: You have large cloven feet. [potion of
                  | mutation]
 35430 | Lair:5   | Lost mutation: You are dopey. (Int -2) [potion of mutation]
 35430 | Lair:5   | Lost mutation: Armour fits poorly on your strangely shaped
                  | body. [potion of mutation]
 35430 | Lair:5   | Gained mutation: You have an increased reservoir of magic.
                  | (+10% MP) [potion of mutation]
 35430 | Lair:5   | Lost mutation: You are agile. (Dex +2) [potion of mutation]
 35474 | Slime:1  | Noticed an acid blob
 35484 | Slime:1  | Killed an acid blob
 35485 | Slime:1  | Noticed an acid blob
 35488 | Slime:1  | Killed an acid blob
 35820 | Slime:2  | Offered knowledge of Iron Shot by Vehumet.
 38402 | Slime:5  | Entered Level 5 of the Pits of Slime
 38404 | Slime:5  | Gained mutation: Your body sometimes deteriorates upon
                  | taking damage. [a shining eye]
 38751 | Slime:5  | Noticed an acid blob
 38760 | Slime:5  | Killed an acid blob
 38760 | Slime:5  | Noticed an acid blob
 38769 | Slime:5  | Killed an acid blob
 39342 | D:13     | Noticed Maurice
 39346 | D:13     | Noticed Jorgrun
 39347 | D:13     | Killed Maurice
 39355 | D:13     | Killed Jorgrun
 39506 | D:13     | Acquired Great Wizards, Vol. II
 39535 | D:13     | Noticed Erolcha
 39545 | D:13     | Killed Erolcha
 40030 | D:13     | Noticed Josephine
 40035 | D:13     | Killed Josephine
 40035 | D:13     | Offered knowledge of Shatter by Vehumet.
 40035 | D:13     | Offered knowledge of Polar Vortex by Vehumet.
 40035 | D:13     | Offered knowledge of Ignition by Vehumet.
 40072 | D:13     | Reached skill level 14 in Ice Magic
 40524 | D:13     | Found a portal to a secret trove of treasure.
 41037 | D:14     | Reached XP level 18. HP: 189/196 MP: 33/40
 41181 | D:14     | Reached skill level 15 in Ice Magic
 41253 | D:14     | Acquired the +1 hat of Ysuaqory {rF+ Stlth+}
 41279 | D:14     | Found a gate to the Vaults.
 41471 | D:14     | Reached skill level 1 in Shields
 41805 | Vaults:1 | Entered Level 1 of the Vaults
 41805 | Vaults:1 | Found a gateway to a bazaar.
 42215 | Bazaar   | Entered a bazaar
 42215 | Bazaar   | Found Boeg's Weapon Shoppe.
 42247 | Bazaar   | Found Fogoff's Book Shoppe.
 42275 | Bazaar   | Found Poeph's Distillery.
 42283 | Bazaar   | Found Moisexit's Assorted Antiques.
 42291 | Bazaar   | Bought a scroll of teleportation for 102 gold pieces
 42291 | Bazaar   | Found Aqilati's Magic Scroll Boutique.
 42299 | Bazaar   | Bought a scroll of teleportation for 36 gold pieces
 42299 | Bazaar   | Bought a scroll of teleportation for 36 gold pieces
 43392 | Vaults:1 | Reached skill level 5 in Shields
 44086 | Vaults:1 | Reached skill level 16 in Ice Magic
 44798 | Vaults:2 | Reached XP level 19. HP: 191/204 MP: 29/41
 46184 | Vaults:2 | Reached skill level 17 in Ice Magic
 46726 | Vaults:2 | Reached skill level 10 in Shields
 47113 | Vaults:2 | Found a staircase to the Crypt.
 47113 | Vaults:2 | Found a basalt altar of Yredelemnul.
 47114 | Vaults:2 | Found an ancient bone altar of Kikubaaqudgha.
 47279 | Vaults:2 | Learned a level 9 spell: Polar Vortex
 47435 | Vaults:3 | Found Liwypp's Weapon Boutique.
 48452 | Vaults:3 | Found a runed translucent door.
 48452 | Vaults:3 | Noticed Jihiargh's ghost (adept HOFi)
 48453 | Vaults:3 | Found Didy's Weapon Shop.
 48565 | Vaults:3 | Reached skill level 18 in Ice Magic
 49228 | Vaults:3 | Found Jaonu's Distillery.
 49237 | Vaults:3 | Bought a potion of heal wounds for 70 gold pieces
 49237 | Vaults:3 | Bought a potion of mutation for 112 gold pieces
 49237 | Vaults:3 | Bought a potion of ambrosia for 112 gold pieces
 49728 | Vaults:4 | Reached XP level 20. HP: 132/212 MP: 20/42
 50118 | Vaults:4 | Gained mutation: You tend to lose your temper in combat.
                  | [mutagenic glow]
 50231 | Vaults:4 | Found Utsain's Distillery.
 50240 | Vaults:4 | Found Pekafe's Book Boutique.
 50296 | Vaults:4 | Reached skill level 19 in Ice Magic
 51188 | Vaults:4 | Noticed a dread lich
 51193 | Vaults:4 | Killed a dread lich
 51494 | Vaults:4 | Found a transporter.
 51495 | Vaults:4 | Noticed a golden dragon
 51533 | Vaults:4 | Found a transporter.
 51585 | Vaults:4 | Found a transporter.
 51589 | Vaults:4 | Noticed Bruhh's ghost (adept DgAE)
 51632 | Vaults:4 | Found a transporter.
 51798 | Vaults:4 | Found Niupot's Magic Scroll Boutique.
 51869 | Vaults:4 | Found Laen's Weapon Shop.
 52026 | Vaults:5 | Entered Level 5 of the Vaults
 52031 | Vaults:5 | Reached skill level 20 in Ice Magic
 52032 | Vaults:5 | Reached XP level 21. HP: 222/222 MP: 44/44
 52033 | Vaults:5 | Noticed a golden dragon
 52218 | Vaults:5 | Killed a golden dragon
 52222 | Vaults:5 | Noticed an ancient lich
 52466 | Vaults:5 | Killed an ancient lich
 52991 | Vaults:5 | Identified the +8 glaive "Deoffy" {vamp, *Noise rN+ Int+5}
 53190 | Vaults:5 | Noticed a dread lich
 53438 | Vaults:5 | Killed a dread lich
 53439 | Vaults:5 | Reached skill level 21 in Ice Magic
 53515 | Vaults:5 | Identified the amulet "Amotin" {RegenMP Harm *Corrode Int+3
                  | Dex+2}
 53526 | Vaults:5 | Noticed a golden dragon
 53756 | Vaults:5 | Killed a golden dragon
 53756 | Vaults:5 | Noticed a golden dragon
 53757 | Vaults:5 | Reached skill level 15 in Shields
 53824 | Vaults:5 | Killed a golden dragon
 54022 | Vaults:5 | Identified the amulet "Wiugias" {Reflect Harm rElec rPois
                  | SH+5}
 54111 | Vaults:5 | Got a silver rune of Zot
 54237 | Vaults:5 | Identified the +4 plate armour of Heaff {Will+}
 54281 | Vaults:5 | Noticed Jory
 54290 | Vaults:5 | Killed Jory
 54292 | Vaults:5 | Found Eseheclatum's Antique Weapon Shop.
 54617 | Vaults:5 | Got the Compendium of Sinister Feathers
 54854 | Vaults:5 | Noticed an ancient lich
 54859 | Vaults:5 | Killed an ancient lich
 54861 | Vaults:5 | Reached XP level 22. HP: 232/232 MP: 40/45
 54997 | Vaults:5 | Identified the ring "Legrium" {Ice rPois Str+2 Int+6}
 55061 | Vaults:5 | Identified the +4 great mace of the Silent Majority {holy,
                  | rPois Int+6 Dex+2}
 55982 | Slime:5  | Noticed the Royal Jelly
 55988 | Slime:5  | Killed the Royal Jelly
 56670 | Slime:5  | Identified the +6 hand crossbow "Rufok" {speed, rElec
                  | Int+7}
 56672 | Slime:5  | Got a slimy rune of Zot
 57147 | Spider:1 | Entered Level 1 of the Spider Nest
 57177 | Spider:1 | You fall into a shaft and drop 1 floor!
 58378 | Lair:3   | Upgraded the game from 0.29-a0-492-g10b964d8d7 to
                  | 0.29-a0-504-gec6baf379c
 58575 | D:15     | Entered Level 15 of the Dungeon
 59079 | D:15     | Found a staircase to the Depths.
 59827 | Depths:1 | Entered Level 1 of the Depths
 59832 | Depths:1 | Found a sparkling altar of Nemelex Xobeh.
 60039 | Depths:1 | Found Zoerut's Magic Scroll Boutique.
 60102 | Depths:1 | Bought a scroll of teleportation for 42 gold pieces
 60102 | Depths:1 | Bought a scroll of blinking for 105 gold pieces
 60102 | Depths:1 | Bought a scroll of summoning for 133 gold pieces
 60102 | Depths:1 | Bought a scroll of amnesia for 49 gold pieces
 60223 | Depths:1 | Found a one-way gateway to a ziggurat.
 60588 | Depths:1 | Reached skill level 5 in Dodging
 60702 | Depths:1 | Acquired 517 gold pieces
 61063 | Depths:1 | Found a gateway to Hell.
 61216 | Hell     | Entered the Vestibule of Hell
 61217 | Hell     | Noticed Geryon
 61988 | Depths:2 | Reached XP level 23. HP: 247/247 MP: 37/46
 62935 | Depths:2 | Noticed a juggernaut
 62937 | Depths:2 | Found the +6 shillelagh "Devastator" {shatter}
 62949 | Depths:2 | Killed a juggernaut
 63945 | Depths:2 | Found a one-way gate leading to the halls of Pandemonium.
 64076 | Depths:3 | Noticed Margery
 64077 | Depths:3 | Reached skill level 10 in Dodging
 64080 | Depths:3 | Killed Margery
 65013 | Depths:3 | Found a one-way gate to the infinite horrors of the Abyss.
 65729 | Depths:4 | Entered Level 4 of the Depths
 65733 | Depths:4 | Found Tiff's Antique Armour Emporium.
 65733 | Depths:4 | Found Rauliplonuo's Assorted Antiques.
 65735 | Depths:4 | Found Beryoruz's Distillery.
 65736 | Depths:4 | Found Gymus's General Store.
 65742 | Depths:4 | Bought a potion of resistance for 140 gold pieces
 65742 | Depths:4 | Bought 2 potions of heal wounds for 140 gold pieces
 65742 | Depths:4 | Bought 2 potions of resistance for 280 gold pieces
 65756 | Depths:4 | Bought a scroll of magic mapping for 112 gold pieces
 65756 | Depths:4 | Bought a scroll of poison for 112 gold pieces
 65756 | Depths:4 | Bought a scroll of summoning for 304 gold pieces
 65756 | Depths:4 | Bought a scroll of teleportation for 96 gold pieces
 65771 | Depths:4 | Bought a potion of brilliance for 72 gold pieces
 65771 | Depths:4 | Bought a potion of brilliance for 72 gold pieces
 66064 | Depths:4 | Found a magical portal.
 66200 | Depths:4 | Found a gate to the Realm of Zot.
 66815 | Depths:4 | Reached XP level 24. HP: 256/256 MP: 44/47
 67312 | Depths:4 | Found a runed translucent gate.
 67312 | Depths:4 | Found a runed translucent gate.
 67312 | Depths:4 | Found a runed translucent gate.
 67313 | Depths:4 | Noticed Sat's ghost (veteran MiBe)
 67313 | Depths:4 | Noticed a juggernaut
 68076 | Zot:1    | Entered Level 1 of the Realm of Zot
 69206 | Zot:1    | Learned a level 6 spell: Iron Shot
 69414 | Zot:1    | Reached skill level 1 in Summonings
 70054 | Zot:2    | Noticed a Killer Klown
 70062 | Zot:2    | Killed a Killer Klown
 70138 | Zot:2    | Noticed a curse toe
 70142 | Zot:2    | Killed a curse toe
 70863 | Zot:2    | Reached skill level 5 in Summonings
 70863 | Zot:2    | You are sucked into a shaft and drop 2 floors!
 71334 | Zot:4    | Learned a level 5 spell: Borgnjor's Vile Clutch
 72214 | Zot:4    | Reached skill level 15 in Dodging
 72224 | Zot:4    | Gained mutation: You are weak. (Str -2) [mutagenic glow]
 72247 | Zot:4    | Gained mutation: You sometimes lose the ability to read
                  | scrolls when taking damage. [mutagenic glow]
 72259 | Zot:4    | Gained mutation: You have hidden genetic defects.
                  | [mutagenic glow]
 72494 | Zot:4    | Lost mutation: You are weak. (Str -2) [potion of mutation]
 72494 | Zot:4    | Lost mutation: You sometimes lose the ability to read
                  | scrolls when taking damage. [potion of mutation]
 72494 | Zot:4    | Lost mutation: You have an increased reservoir of magic.
                  | (+10% MP) [potion of mutation]
 72494 | Zot:4    | Gained mutation: You expend magic power (3 MP) to
                  | strengthen your wands. [potion of mutation]
 72494 | Zot:4    | Gained mutation: You have a pair of antennae on your head.
                  | [potion of mutation]
 72495 | Zot:4    | Lost mutation: You tend to lose your temper in combat.
                  | [potion of mutation]
 72495 | Zot:4    | Lost mutation: You have a pair of antennae on your head.
                  | [potion of mutation]
 72495 | Zot:4    | Lost mutation: You expend magic power (3 MP) to strengthen
                  | your wands. [potion of mutation]
 72495 | Zot:4    | Gained mutation: You are robust. (+10% HP) [potion of
                  | mutation]
 72495 | Zot:4    | Gained mutation: Your muscles are strong. (Str +2) [potion
                  | of mutation]
 72495 | Zot:4    | Gained mutation: Your flesh is cold resistant. (rC+)
                  | [potion of mutation]
 72613 | Zot:4    | Reached XP level 25. HP: 127/291 MP: 36/44
 73837 | Zot:3    | Gained mutation: You tend to lose your temper in combat.
                  | [hidden defects]
 74381 | Zot:3    | Reached skill level 10 in Summonings
 75948 | Zot:2    | Noticed an orb of fire
 75950 | Zot:2    | Lost mutation: You are robust. (+10% HP) [an orb of fire]
 75953 | Zot:2    | Killed an orb of fire
 76052 | Zot:2    | Gained mutation: You have terrible hidden genetic defects.
                  | [hidden defects]
 76052 | Zot:2    | Lost mutation: You have terrible hidden genetic defects.
                  | [hidden defects expressed]
 77259 | Elf:1    | Entered Level 1 of the Elven Halls
 78548 | Elf:1    | Got Sif Muna's Papyrus of Confrontation
 79370 | Elf:1    | Gained mutation: You often lose your temper in combat.
                  | [hidden defects]
 79399 | Elf:1    | Lost mutation: You often lose your temper in combat.
                  | [potion of mutation]
 79399 | Elf:1    | Lost mutation: You tend to lose your temper in combat.
                  | [potion of mutation]
 79399 | Elf:1    | Lost mutation: You have a pair of small antennae on your
                  | head. [potion of mutation]
 79399 | Elf:1    | Lost mutation: You have hidden genetic defects. [potion of
                  | mutation]
 79399 | Elf:1    | Gained mutation: You are dopey. (Int -2) [potion of
                  | mutation]
 79399 | Elf:1    | Gained mutation: You are strong-willed. (Will+) [potion of
                  | mutation]
 80142 | Elf:2    | Found Nuoz's Antique Weapon Shop.
 80509 | Elf:2    | Paralysed by an air elemental for 1 turns
 80849 | Elf:2    | Found a runed translucent gate.
 80853 | Elf:2    | Found a runed translucent gate.
 80853 | Elf:2    | Found a runed translucent gate.
 81430 | Elf:2    | Lost mutation: You are dopey. (Int -2) [potion of mutation]
 81430 | Elf:2    | Lost mutation: Your body sometimes deteriorates upon taking
                  | damage. [potion of mutation]
 81430 | Elf:2    | Lost mutation: You are strong-willed. (Will+) [potion of
                  | mutation]
 81430 | Elf:2    | Gained mutation: Your body sometimes deteriorates upon
                  | taking damage. [potion of mutation]
 81431 | Elf:2    | Lost mutation: Your body sometimes deteriorates upon taking
                  | damage. [potion of mutation]
 81431 | Elf:2    | Lost mutation: Your flesh is cold resistant. (rC+) [potion
                  | of mutation]
 81431 | Elf:2    | Gained mutation: Your flesh is heat resistant. (rF+)
                  | [potion of mutation]
 81431 | Elf:2    | Gained mutation: You are occasionally teleported next to
                  | monsters. [potion of mutation]
 81431 | Elf:2    | Gained mutation: You tend to lose your temper in combat.
                  | [potion of mutation]
 81432 | Elf:2    | Lost mutation: You tend to lose your temper in combat.
                  | [potion of mutation]
 81432 | Elf:2    | Lost mutation: Your muscles are strong. (Str +2) [potion of
                  | mutation]
 81432 | Elf:2    | Gained mutation: You possess an exceptional clarity of
                  | mind. [potion of mutation]
 81432 | Elf:2    | Gained mutation: Your muscles are strong. (Str +2) [potion
                  | of mutation]
 81673 | Elf:2    | Cast into level 2 of the Abyss (+1 dire flail of
                  | distortion)
 82496 | Abyss:5  | Entered Level 5 of the Abyss
 82770 | Elf:2    | Escaped the Abyss
 83483 | Elf:2    | Reached XP level 26. HP: 274/274 MP: 29/44
 83724 | Elf:3    | Entered Level 3 of the Elven Halls
 83953 | Elf:3    | Reached skill level 15 in Summonings
 83958 | Elf:3    | Identified the +0 acid dragon scales "Dunat" {Contam Will++
                  | rCorr Dex+3 SInv}
 83958 | Elf:3    | Identified the ring of Obsession {rF+ AC+4 Stlth+}
 83970 | Elf:3    | Identified the ring of Uxuehuboe {rF+ Str+5 Dex+3}
 84097 | Elf:3    | Identified the amulet of Piphuceph {RegenMP rF- rC+ Will+
                  | Str+4}
 84099 | Elf:3    | Identified the ring "Hasored" {Slay+3 SInv}
 84115 | Elf:3    | Identified the amulet "Niren" {Faith Fly}
 84139 | Elf:3    | Identified the +10 arbalest "Ygorr" {vorpal, Fragile rF++
                  | rCorr}
 84174 | Elf:3    | Got Cajokom's Collected Works on Weightlessness and
                  | Orientation
 84639 | Elf:3    | Found a runed translucent gate.
 84639 | Elf:3    | Found a runed translucent gate.
 84639 | Elf:3    | Found a runed translucent gate.
 85100 | Elf:3    | Paralysed by an air elemental for 1 turns
 85692 | Elf:3    | Found a runed translucent gate.
 85692 | Elf:3    | Found a runed translucent gate.
 85694 | Elf:3    | Noticed Essalna's ghost (adept DjEE)
 85703 | Elf:3    | Found a runed translucent gate.
 85960 | Elf:3    | Gained mutation: You sometimes lose the ability to read
                  | scrolls when taking damage. [a cacodemon]
 85963 | Elf:3    | Killed Essalna's ghost
 86529 | Vaults:4 | Learned a level 1 spell: Apportation
 87468 | Zot:1    | Lost mutation: Your flesh is heat resistant. (rF+) [potion
                  | of mutation]
 87468 | Zot:1    | Lost mutation: You possess an exceptional clarity of mind.
                  | [potion of mutation]
 87468 | Zot:1    | Lost mutation: You sometimes lose the ability to read
                  | scrolls when taking damage. [potion of mutation]
 87468 | Zot:1    | Gained mutation: Your mind is acute. (Int +2) [potion of
                  | mutation]
 87468 | Zot:1    | Gained mutation: You have sharp toenails. [potion of
                  | mutation]
 87469 | Zot:1    | Lost mutation: Your muscles are strong. (Str +2) [potion of
                  | mutation]
 87469 | Zot:1    | Lost mutation: Your mind is acute. (Int +2) [potion of
                  | mutation]
 87469 | Zot:1    | Gained mutation: You are sometimes teleported next to
                  | monsters. [potion of mutation]
 87469 | Zot:1    | Gained mutation: Armour fits poorly on your strangely
                  | shaped body. [potion of mutation]
 87469 | Zot:1    | Gained mutation: You are strong-willed. (Will+) [potion of
                  | mutation]
 87470 | Zot:1    | Lost mutation: You have sharp toenails. [potion of
                  | mutation]
 87470 | Zot:1    | Lost mutation: You are sometimes teleported next to
                  | monsters. [potion of mutation]
 87470 | Zot:1    | Lost mutation: Armour fits poorly on your strangely shaped
                  | body. [potion of mutation]
 87470 | Zot:1    | Gained mutation: Your muscles are strong. (Str +2) [potion
                  | of mutation]
 87470 | Zot:1    | Lost mutation: Your muscles are strong. (Str +2) [potion of
                  | mutation]
 87921 | Zot:5    | Entered Level 5 of the Realm of Zot
 88027 | Zot:5    | Noticed a dread lich
 88027 | Zot:5    | Noticed a Killer Klown
 88028 | Zot:5    | Noticed a dread lich
 88034 | Zot:5    | Killed a Killer Klown
 88034 | Zot:5    | Killed a dread lich
 88042 | Zot:5    | Killed a dread lich
 88043 | Zot:5    | Noticed a Killer Klown
 88050 | Zot:5    | Killed a Killer Klown
 88053 | Zot:5    | Noticed a Killer Klown
 88058 | Zot:5    | Noticed a Killer Klown
 88058 | Zot:5    | Noticed a Killer Klown
 88059 | Zot:5    | Noticed an orb of fire
 88060 | Zot:5    | Noticed an orb of fire
 88062 | Zot:5    | Killed a Killer Klown
 88063 | Zot:5    | Gained mutation: Your body sometimes deteriorates upon
                  | taking damage. [an orb of fire]
 88063 | Zot:5    | Gained mutation: You occasionally shout uncontrollably at
                  | your foes. [an orb of fire]
 88063 | Zot:5    | Noticed a Killer Klown
 88063 | Zot:5    | HP: 5/356 [orb of fire/fireball (26)]
 88072 | Zot:5    | Slain by a moth of wrath

Illustrated notes

Levels and vault maps discovered:
D:1:      minmay_arrival_split_and_join, layout_rooms,
          hellmonk_ecumenical_altar_watching_god, serial_bayou_pond_a
D:2:      minmay_razor_zed, layout_rooms, basic_altar
D:3:      layout_basic, minmay_misc_feat_alley
D:4:      layout_gridville, general_overflow_altar,
          chequers_serial_rivers_micro_b, uniq_ijyb
D:5:      layout_basic, lemuel_tele_altar, minmay_temple_entry_stoned_glass,
          gammafunk_ghost_smash, uniq_grinder
D:6:      layout_layer_cave, nicolae_overflow_hidden_temple,
          gup_sewer_entry_spiral, uniq_menkaure
D:7:      layout_basic, chequers_serial_rivers_micro_a, minmay_shop_chei
D:8:      layout_basic, okawaru_metal_pillars_1_2, enter_bailey_2
D:9:      layout_roguey, dk_yredelemnul_ordeal, nicolae_elyvilon_temple_path,
          ebering_ghost_rock_garden, minivault_16
D:10:     layout_cave_pools, tso_metal_star, due_lair_maze_entry_diamond
D:11:     layout_loops_corners, grunt_decor_mini_mirrors
D:12:     layout_roguey, kennysheep_orc_monster_closet_entryway, serial_shops,
          shop, nicolae_lakefront_shop, kennysheep_little_box,
          nicolae_shop_hallway_plus, uniq_frances
D:13:     layout_irregular_city, nicolae_trove_entry_crystal, uniq_erolcha,
          uniq_maurice, uniq_jorgrun, uniq_josephine
D:14:     hangedman_cross_stitches, layout_loops_ring,
          lightli_vaults_fourway_checkpoint, hangedman_decor_diamond_cutter
D:15:     grunt_enter_depths_hoard, layout_basic, minmay_crystal_room
Temple:   nicolae_temple_figure_eight
Lair:1:   layout_regular_city, portal_ice_cave_entry_pillars_1
Lair:2:   layout_loops_ring
Lair:3:   layout_gridlike, minmay_shoals_entry_beasts, spider_nest_entry_rubble,
          serial_forest, infiniplex_forest_end_3, infiniplex_forest_straight_4,
          infiniplex_forest_end_1, infiniplex_forest_straight_5,
          infiniplex_forest_lined_room_2, infiniplex_forest_lined_3_way,
          infiniplex_forest_lined_4_way, minmay_lair_oklob_items,
          grunt_megastairs_1, serial_bayou_shore_b, infiniplex_staircase_pool_2,
          uniq_amaemon
Lair:4:   layout_regular_city, nicolae_lair_grove_arrangements,
          nicolae_lair_run_with_the_wolves
Lair:5:   hangedman_what_comes_after_a, layout_cave_pods, slime_altar_1,
          chequers_serial_rivers_micro_c, uniq_sonja
Lair:6:   guppyfry_lair_end_dragon, layout_long_grid, wormcave,
          chequers_serial_rivers_large_a
Shoals:1: layout_shoals, serial_shops, shop, shop, nicolae_shop_behind_doors,
          shop, nicolae_shop_crystal
Shoals:2: layout_shoals, ebering_ghost_gozag
Shoals:3: layout_shoals, serial_shops, nicolae_shop_advertising_works
          [nicolae_subvault_shop_adworks], nicolae_shoals_beach_cooler,
          uniq_polyphemus
Shoals:4: shoals_end_hangedman, layout_shoals, uniq_bai_suzhen, uniq_nikola
Spider:1: layout_spider_delve
Spider:2: layout_spider_delve, worms_lemuel
Slime:1:  layout_caves
Slime:2:  layout_caves, cheibrodos_slime_lost_civilization_4
Slime:3:  layout_caves
Slime:4:  layout_caves
Slime:5
Orc:1:    layout_caves, minmay_orc_barracks
Orc:2:    st_orc_open, layout_caves
Elf:1:    nicolae_elf_arrival_no_cutting_in_line, layout_onion_city,
          minmay_elf_annihilation, minivault_24
Elf:2:    nicolae_elf_blades_splatter_lattice [nicolae_blade_lattice],
          layout_gridlike, serial_shops, nicolae_shop_trees, grunt_ministairs_8
Elf:3:    elf_hall, layout_loops_cross,
          ploomutoo_gammafunk_ghost_potion_laboratory,
          nicolae_elf_big_sculpture_1, minivault_25_ag
Vaults:1: grunt_vaults_swirl, hangedman_vaults_unwind, v_misc_1,
          ontoclasm_vaults_loading_screen, vaults_room_door_hall,
          vaults_room_grunt_arrival_ludios, v_misc_26, ontoclasm_vaults_gateway,
          layout_vaults_omnigrid, serial_shops, statue_bzr
Vaults:2: v_misc_3, vaults_dpeg_doors, ontoclasm_vaults_spin,
          vaults_standard_mumra_lines, ontoclasm_vaults_shout,
          nicolae_vaults_windows_and_doors_thing, vaults_room_pools,
          ontoclasm_vaults_misaligned, v_alt_pattern_6, hangedman_vaults_trim,
          vaults_room_pool, nicolae_vaults_asterisk,
          minmay_crypt_entry_necro_gods, vaults_room_stairs_pillars,
          layout_vaults_big_cross
Vaults:3: hellmonk_ghost_happy_afterlife, vaults_mumra_chevron_long,
          nicolae_vaults_what_the_h, v_pattern_3, nicolae_vaults_triangles,
          v_alt_pattern_4, vaults_room_door_ring, layout_vaults_chaotic_city,
          serial_shops, nicolae_lakefront_shop, nicolae_shop_stone, shop
Vaults:4: nzn_ghost_randoct, gammafunk_sealed_arena, vaults_room_octagon,
          hangedman_vaults_trim, v_alt_pattern_4, v_alt_pattern_1,
          hangedman_vaults_maws, v_misc_33, v_alt_pattern_6,
          nicolae_vaults_big_ls, vaults_dpeg_diagonal, v_pattern_4,
          hangedman_vaults_impose, layout_vaults_omnibox, serial_shops, shop,
          nicolae_shop_bloodbath_and_beyond, shop, nicolae_shop_waterfront
Vaults:5: uniq_jory
Depths:1: layout_honeycomb, enter_ziggurat_f, pf_hell_entry_great_geh,
          serial_sigils_hangedman_stare, serial_shops, shop,
          nemelex_spade_bored_becter
Depths:2: minmay_roctagon, layout_cave_shapes, grunt_pan_entry_in_and_out,
          small_statue_intersection, hell_entry, roderic_lattice_octagonal_star
Depths:3: grated_community_mu [grated_community_mu_vampire_home,
          grated_community_mu_giant_home, grated_community_mu_spellcaster_home,
          grated_community_mu_orcish_home, grated_community_mu_troll_home,
          grated_community_mu_taur_home, grated_community_mu_unbuilt_plot],
          layout_long_grid, minmay_misc_feat_doors, hangedman_abyss_entry_splay,
          grunt_metal_band, serial_bayou_shore_b
Depths:4: grunt_zot_entry_tricorne, layout_gridlike,
          gammafunk_ghost_tricky_traps, mu_enter_wizlab_4,
          hangedman_tar_grid_catacomb, minmay_shoptagon,
          infiniplex_staircase_pool_lava
Hell
Zot:1:    layout_twisted_circle, grunt_ministairs_15, grunt_megastairs_5
Zot:2:    layout_gridlike
Zot:3:    layout_misc_corridors
Zot:4:    layout_onion_interference
Zot:5:    layout_twisted_circle, st_stairs_7

Skill      XL: |  1  2  3  4  5  6  7  8  9 10 11 12 13 14 15 16 17 18 19 20 21 22 23 24 25 26 |
---------------+-------------------------------------------------------------------------------+-----
Earth Magic    | 3 4 5 7 12 13 | 13.9
Spellcasting   | 3 4 5 7 8 10 11 12 15 17 | 17.0
Conjurations   | 1 3 |  3.0
Fighting       | 6 9 10 12 15 16 18 | 18.0
Ice Magic      | 4 8 11 12 13 14 16 18 20 21 | 21.0
Poison Magic   | 1 4 6 |  6.0
Transmutations | 1 6 |  6.0
Armour         | 4 9 11 12 | 12.1
Dodging        | 2 6 12 15 | 15.0
Shields        | 7 10 12 15 17 | 17.0
Summonings     | 7 14 17 | 17.8
Stealth        | |  1.4

Action                   |  1- 3 |  4- 6 |  7- 9 | 10-12 | 13-15 | 16-18 | 19-21 | 22-24 | 25-27 || total
-------------------------+-------+-------+-------+-------+-------+-------+-------+-------+-------++-------
Melee: Dagger            |    54 |    95 |    63 |   115 |       |       |       |       |       ||   327
       Long sword        |    36 |       |       |       |       |       |       |       |       ||    36
       Punch             |       |       |     1 |       |     1 |     3 |       |       |       ||     5
       Whip              |       |       |       |     1 |    35 |       |       |       |       ||    36
       Mace              |       |       |       |       |    37 |   155 |    73 |   180 |   154 ||   599
 Cast: Sandblast         |    17 |    37 |    76 |     2 |     1 |       |       |       |       ||   133
       Stone Arrow       |       |    21 |    94 |   165 |     4 |       |       |     5 |       ||   289
       Hailstorm         |       |       |     2 |       |       |       |       |       |       ||     2
       Frozen Ramparts   |       |       |       |     4 |       |       |       |       |       ||     4
       Mephitic Cloud    |       |       |       |     2 |       |       |       |       |       ||     2
       Ozocubu's Refrige |       |       |       |    89 |   265 |   358 |   247 |   327 |    72 ||  1358
       Olgreb's Toxic Ra |       |       |       |     3 |       |     3 |     1 |       |       ||     7
       Eringya's Noxious |       |       |       |       |     2 |    11 |     3 |     1 |       ||    17
       Statue Form       |       |       |       |       |     2 |    23 |    30 |    52 |    42 ||   149
       Irradiate         |       |       |       |       |     1 |    29 |    27 |    60 |    15 ||   132
       Polar Vortex      |       |       |       |       |       |       |    19 |    48 |    31 ||    98
       Iron Shot         |       |       |       |       |       |       |       |    56 |   269 ||   325
       Borgnjor's Vile C |       |       |       |       |       |       |       |       |     1 ||     1
       Apportation       |       |       |       |       |       |       |       |       |     6 ||     6
Evoke: Wand              |       |       |       |       |       |       |       |     1 |     5 ||     6
  Use: Scroll            |       |       |    13 |     2 |    14 |     6 |     1 |     7 |    15 ||    58
       Potion            |       |       |     1 |       |     1 |     7 |     3 |     4 |    14 ||    30
 Stab: Sleeping          |     2 |     7 |     2 |       |       |       |       |       |       ||    11
Armor: Robe              |    38 |    32 |    31 |     4 |    17 |       |       |       |       ||   122
       Steam dragon scal |       |       |       |    31 |       |       |       |       |       ||    31
       Acid dragon scale |       |       |       |       |     3 |       |       |       |       ||     3
       Troll leather arm |       |       |       |       |    13 |    36 |     9 |     5 |       ||    63
       Skin              |       |       |       |       |     2 |   201 |   206 |   300 |   258 ||   967
       Ice dragon scales |       |       |       |       |       |       |       |    32 |    53 ||    85
Dodge: Dodged            |    75 |    55 |    72 |    68 |    83 |   264 |   152 |   366 |   309 ||  1444
Block: Other             |       |       |       |     3 |    16 |       |       |       |       ||    19
       Kite shield       |       |       |       |       |       |    82 |   193 |   379 |   297 ||   951

Table legend: (Time is in decaauts)
 A = Elapsed time spent in this place.
 B = Non-inter-level travel time spent in this place.
 C = Inter-level travel time spent in this place.
 D = Time resting spent in this place.
 E = Time spent auto-exploring this place.
 F = Levels seen in this place.
 G = Mean time per level.
                   A        B        C        D        E       F      G
               +--------+--------+--------+--------+--------+-----+--------+
         Total |  92839 |  87692 |   5147 |  13373 |  61855 |  61 | 1522.0 |
       Dungeon |  20861 |  19413 |   1448 |   1501 |  15327 |  15 | 1390.7 |
        Temple |    430 |    384 |     46 |      0 |    382 |   1 |  430.0 |
          Lair |   9222 |   8333 |    889 |    846 |   6691 |   6 | 1537.0 |
        Shoals |   8053 |   7798 |    255 |    385 |   6345 |   4 | 2013.2 |
   Spider Nest |   1296 |   1296 |      0 |     94 |   1058 |   2 |  648.0 |
    Slime Pits |   5241 |   5059 |    182 |   1660 |   2728 |   5 | 1048.2 |
  Orcish Mines |   1661 |   1487 |    174 |    295 |    934 |   2 |  830.5 |
   Elven Halls |   8823 |   8337 |    486 |   1863 |   5143 |   3 | 2941.0 |
        Vaults |  14700 |  13863 |    837 |   1914 |  10126 |   5 | 2940.0 |
        Depths |   9157 |   8713 |    444 |   1754 |   5599 |   4 | 2289.2 |
          Hell |      1 |      1 |      0 |      0 |      0 |   1 |    1.0 |
           Zot |  10363 |   9981 |    382 |   2552 |   5991 |   5 | 2072.6 |
         Abyss |   1280 |   1280 |      0 |    195 |    471 |   4 |  320.0 |
        Bazaar |    120 |    120 |      0 |      0 |     96 |   1 |  120.0 |
         Sewer |    586 |    586 |      0 |      0 |    441 |   1 |  586.0 |
        Bailey |    968 |    968 |      0 |    313 |    470 |   1 |  968.0 |
      Ice Cave |     70 |     70 |      0 |      0 |     47 |   1 |   70.0 |
               +--------+--------+--------+--------+--------+-----+--------+

Top non-repeatable levels by time:
Vaults:4: 4847 daAuts
   Zot:4: 3487 daAuts
   Elf:1: 3150 daAuts
   Elf:2: 3005 daAuts
     D:9: 2896 daAuts
Vaults:2: 2870 daAuts
Vaults:1: 2843 daAuts
   Zot:2: 2796 daAuts
Shoals:4: 2766 daAuts
   Elf:3: 2668 daAuts
Depths:2: 2543 daAuts
  Lair:3: 2509 daAuts
Depths:4: 2403 daAuts
Depths:1: 2369 daAuts
Vaults:3: 2349 daAuts
